 Dungeon Crawl Stone Soup version 0.31-a0-150-g89dc3ad700 (webtiles) character file.

Game seed: 13282413521414253395

385 qw the Skirmisher (level 6, -3/57 HPs)
             Began as a Minotaur Hunter on June 8, 2023.
             Slain by a gnoll
             ... wielding a +0 spear
              (4 damage)
             ... on level 4 of the Dungeon.
             The game lasted 00:01:06 (2850 turns).

qw the Skirmisher (Minotaur Hunter)                 Turns: 2850, Time: 00:01:07

Health: -3/57      AC:  7    Str: 16    XL:     6   Next: 48%
Magic:  5/5        EV: 11    Int:  6    God:
Gold:   165        SH:  0    Dex: 15    Spells: 5/5 levels left

rFire   . . .        Y - +0 shortbow
rCold   . . .        (shield currently unavailable)
rNeg    . . .        b - +0 ring mail
rPois   .            (helmet restricted)
rElec   .            (no cloak)
rCorr   .            (no gloves)
SInv    .            (no boots)
Will    .....        (no amulet)
Stlth   +            (no ring)
HPRegen 0.29/turn    (no ring)
MPRegen 0.09/turn

%: no passive effects
@: no status effects
A: horns 2, retaliatory headbutt, iridescent scales 1, robust 1
a: no special abilities


You were on level 4 of the Dungeon.
You visited 1 branch of the dungeon, and saw 4 of its levels.
You also visited: Sewer.

You collected 165 gold pieces.


Innate Abilities, Weirdness & Mutations

You have a pair of horns on your head.
You reflexively headbutt those who attack you in melee.
You are partially covered in iridescent scales. (AC +2)
You are robust. (+10% HP)


   Skills:
 + Level 4.0 Fighting
 - Level 8.0 Ranged Weapons
 - Level 1.0 Armour
 - Level 2.1 Dodging
 - Level 0.7 Stealth


You had 5 spell levels left.
You didn't know any spells.
Your spell library was empty.

Inventory:

Hand Weapons
 Y - a +0 shortbow (weapon)
Armour
 b - a +0 ring mail (worn)
Scrolls
 i - a scroll of enchant armour {unknown}
Potions
 a - 2 potions of mutation
 c - a potion of degeneration {unknown}
 d - 3 potions of haste
 e - a potion of lignification {unknown}
 f - a potion of invisibility {unknown}
 g - a potion of curing
 h - a potion of attraction {unknown}

Dungeon Overview and Level Annotations

Branches:
Dungeon (4/15)              Sewer (visited)
 Temple: D:4-7

Altars:


Message History

The orc barely misses you. The orc hits you but does no damage.
Your Ranged Weapons skill increases to level 8!
You shoot an arrow.
The arrow hits the gnoll but does no damage.
The gnoll barely misses you. The gnoll hits you but does no damage.
The orc misses you. The orc hits you but does no damage.
You shoot an arrow. The arrow hits the gnoll!
The gnoll is severely wounded.
The gnoll hits you with a +0 flail. The gnoll hits you but does no damage.
The orc completely misses you. The orc hits you with a +0 club.
You shoot an arrow.
The arrow hits the gnoll but does no damage.
The gnoll is severely wounded.
The gnoll closely misses you. The gnoll hits you but does no damage.
The orc hits you from afar with a +0 trident.
The orc hits you with a +0 club.
You shoot an arrow.
The arrow hits the gnoll but does no damage.
The gnoll is severely wounded.
The gnoll hits you with a +0 flail.
The gnoll hits you from afar with a +0 spear.
The orc hits you but does no damage. The orc closely misses you.
You shoot an arrow.
The arrow hits the gnoll but does no damage.
The gnoll is severely wounded.
The gnoll hits you but does no damage. x2; The orc hits you but does no damage. x2
The orc wizard barely misses you. The gnoll misses you.
The gnoll closely misses you. The orc barely misses you.
The orc wizard points at you and mumbles some strange words.
The magic dart hits you! The orc closely misses you.
You shoot an arrow. The arrow barely misses the gnoll.
The gnoll hits you but does no damage. The gnoll closely misses you.
The orc misses you. The orc barely misses you. You furiously retaliate!
You headbutt the orc.
The orc wizard hits you but does no damage.
You shoot an arrow. The arrow hits the gnoll.
The gnoll is almost dead.
The gnoll hits you with a +0 flail!
The gnoll hits you from afar with a +0 spear.
You die...

... ..# ..
.# .#
.####.#
......#
###.....
##### # ###
#.o@# ##
#..go.#
.[(.#
.......go.#
###..#
.##(......#
# .#
#.......# #
........##
#
.###.....#
. .......
..


You could see an orc wizard, 2 gnolls and 2 orcs.

Vanquished Creatures
  A water moccasin (Sewer)
  A scorpion (D:4)
  An orc wizard (D:4)
  Terence (D:3)
  2 gnolls (D:4)
  4 adders
  4 dart slugs
  9 orcs
  6 ball pythons
  7 endoplasms
  3 giant cockroaches
  9 goblins
  7 hobgoblins
  2 jackals (D:2)
  12 kobolds
  6 quokkas
  13 bats
  4 frilled lizards
  3 rats
95 creatures vanquished.

Notes
Turn   | Place    | Note
-------+----------+-------------------------------------------
     0 | D:1      | qw the Minotaur Hunter began the quest for the Orb.
     0 | D:1      | Reached XP level 1. HP: 18/18 MP: 0/0
     0 | D:1      | 0 ||| qw: Version: 0.2-a-119-g0488c42
     0 | D:1      | 0 ||| qw: Game counter: 2729
     0 | D:1      | 0 ||| qw: Always use a shield: true
     0 | D:1      | 0 ||| qw: God list: Okawaru
     0 | D:1      | 0 ||| qw: Allow faded altars: false
     0 | D:1      | 0 ||| qw: Do Orc after D:15 true
     0 | D:1      | 0 ||| qw: Do second Lair branch before Depths: true
     0 | D:1      | 0 ||| qw: Lair rune preference: random
     0 | D:1      | 0 ||| qw: Plans: Normal
     0 | D:1      | 0 ||| PLANNING D:1-11
    55 | D:1      | 55 ||| FLEEEEING.
    56 | D:1      | 56 ||| FLEEEEING.
    57 | D:1      | 57 ||| FLEEEEING.
    58 | D:1      | 58 ||| FLEEEEING.
    82 | D:1      | Reached XP level 2. HP: 23/25 MP: 1/1
   116 | D:1      | Reached skill level 5 in Ranged Weapons
   183 | D:1      | 183 ||| FLEEEEING.
   184 | D:1      | 184 ||| FLEEEEING.
   185 | D:1      | 185 ||| FLEEEEING.
   198 | D:1      | Reached skill level 3 in Fighting
   228 | D:1      | You fall into a shaft and drop 1 floor!
   274 | D:2      | Reached XP level 3. HP: 31/31 MP: 2/2
   595 | D:2      | 595 ||| READING scroll labelled GEG XAXAFFOL.
   596 | D:2      | 596 ||| DROPPING scroll of butterflies.
  1168 | D:1      | 1168 ||| DRINKING 3 smoky clear potions.
  1751 | D:3      | Reached XP level 4. HP: 38/38 MP: 3/3
  1752 | D:3      | Noticed Terence
  1761 | D:3      | Killed Terence
  1762 | D:3      | Reached skill level 6 in Ranged Weapons
  2375 | D:3      | 2375 ||| UPGRADING to +0 ring mail.
  2385 | D:3      | 2385 ||| DROPPING +0 leather armour.
  2386 | D:3      | 2386 ||| READING scroll labelled LAETID TILYTT.
  2387 | D:3      | 2387 ||| READING scroll labelled YPSECS CATS.
  2388 | D:3      | 2388 ||| DRINKING 3 fizzy pink potions.
  2388 | D:3      | Gained mutation: You are robust. (+10% HP) [potion of
                  | mutation]
  2388 | D:3      | Gained mutation: You are partially covered in iridescent
                  | scales. (AC +2) [potion of mutation]
  2401 | D:3      | 2401 ||| DRINKING 2 clear potions.
  2422 | D:4      | 2422 ||| PLANNING SEWER
  2427 | D:4      | 2427 ||| STAIRDANCE
  2431 | D:3      | Reached XP level 5. HP: 38/50 MP: 4/4
  2480 | D:4      | Reached skill level 1 in Armour
  2495 | D:4      | Reached skill level 7 in Ranged Weapons
  2517 | D:4      | 2517 ||| FLEEEEING.
  2562 | D:4      | Found a glowing drain.
  2563 | D:4      | 2563 ||| READING scroll labelled FUASIM TIMETANG.
  2577 | Sewer    | Entered a sewer
  2603 | Sewer    | Noticed a water moccasin
  2612 | Sewer    | Killed a water moccasin
  2613 | Sewer    | Reached XP level 6. HP: 34/57 MP: 5/5
  2620 | Sewer    | HP: 14/57 [poisoned by a water moccasin]
  2823 | D:4      | 2823 ||| PLANNING D:1-11
  2844 | D:4      | Reached skill level 8 in Ranged Weapons
  2848 | D:4      | HP: 7/57 [orc wizard/magic dart (11)]
  2850 | D:4      | HP: 1/57 [gnoll/+0 flail (7)]
  2850 | D:4      | Slain by a gnoll

Levels and vault maps discovered:
D:1:      doesnt_arrival_eight_statues, layout_basic
D:2:      mumra_celtic_spiral_tile, layout_basic
D:3:      layout_basic, uniq_terence
D:4:      layout_rooms, cheibrodos_sewer_entry_sluice

Skill      XL: |  1  2  3  4  5  6 |
---------------+-------------------+-----
Ranged Weapons | 5 6 7 8 |  8.0
Fighting       | 3 4 |  4.0
Armour         | 1 |  1.0
Dodging        | |  2.1
Stealth        | |  0.7

Action                     |  1- 3 |  4- 6 || total
---------------------------+-------+-------++-------
   Fire: Shortbow          |   145 |   137 ||   282
    Use: Scroll            |     1 |     3 ||     4
         Potion            |     1 |     2 ||     3
 Armour: Leather armour    |     9 |     1 ||    10
         Ring mail         |       |    52 ||    52
  Dodge: Dodged            |    29 |    74 ||   103

Table legend:
 A = Non-vault XP
 B = Vault XP
 C = Vault XP percentage of total XP
 D = Non-vault monster count
 E = Vault monster count
 F = Vault count percentage of total count
                 A         B        C        D         E       F
            +---------+---------+-------+---------+---------+-------
      Total |     355 |     196 |  35.6 |      84 |      11 |  11.6
            +---------+---------+-------+---------+---------+-------
        D:1 |      58 |       0 |   0.0 |      31 |       0 |   0.0
        D:2 |      32 |       0 |   0.0 |      13 |       0 |   0.0
        D:3 |      78 |      32 |  29.1 |      22 |       1 |   4.3
        D:4 |     187 |       5 |   2.6 |      18 |       3 |  14.3
      Sewer |       0 |     159 | 100.0 |       0 |       7 | 100.0
            +---------+---------+-------+---------+---------+-------
